 Dungeon Crawl Stone Soup version 0.26-a0-958-gf3041fb45f (webtiles) character file.

Game seed: 1205547881470975163

473 streetpizza the Ruffian (level 6, -6/61 HPs)
             Began as a Troll Hunter on Nov 30, 2020.
             Was an Initiate of Ru.
             Mangled by Demosthentine's ghost (14 damage)
             ... on level 4 of the Dungeon.
             The game lasted 00:12:26 (3338 turns).

streetpizza the Ruffian (Troll Hunter)              Turns: 3338, Time: 00:12:27

Health: -6/61      AC:  6    Str: 21    XL:     6   Next: 84%
Magic:  5/5        EV: 11    Int:  7    God:    Ru [......]
Gold:   215        SH:  0    Dex: 12    Spells: 5/5 levels left

rFire    . . .     SeeInvis .     - Unarmed
rCold    + . .     Faith    .   (no shield)
rNeg     . . .     Spirit   .   b - +0 robe
rPois    .         Reflect  .   (helmet restricted)
rElec    .         Harm     .   (no cloak)
rCorr    .         Rampage  .   (gloves unavailable)
MR       .....     Rnd*Tele +   (boots unavailable)
Stlth    +.........             (no amulet)
HPRegen  0.60/turn              m - ring of protection from cold
MPRegen  0.09/turn              t - ring of teleportation (curse)

@: no status effects
A: large, unfitting armour, claws 3, regeneration 1, shaggy fur 1, tough skin 3
a: Sacrifice Artifice, Sacrifice Skill, Sacrifice Resistance, Reject Sacrifices,
Renounce Religion


You were on level 4 of the Dungeon.
You worshipped Ru.
Ru was noncommittal.
You visited 1 branch of the dungeon, and saw 4 of its levels.

You collected 215 gold pieces.

Inventory:

Missiles
 c - 5 large rocks
 d - 2 throwing nets
 q - 15 poisoned darts (quivered)
Armour
 b - a +0 robe (worn)
Jewellery
 m - a ring of protection from cold (left claw)
 t - a cursed ring of teleportation (right claw)
Scrolls
 a - 4 scrolls of teleportation {unknown}
 f - 5 scrolls of identify {unknown}
 l - 2 scrolls of enchant armour {unknown}
 n - 2 scrolls of amnesia {unknown}
 r - a scroll of fear {unknown}
 s - 2 scrolls of magic mapping {unknown}
Potions
 e - a potion of berserk rage {unknown}
 g - a potion of ambrosia {unknown}
 h - 4 potions of curing {unknown}
 i - 2 potions of heal wounds {unknown}
 j - a potion of flight {unknown}
 k - a potion of attraction {unknown}
 o - a potion of cancellation {unknown}
 p - a potion of lignification {unknown}


   Skills:
 + Level 3.3 Fighting
 - Level 3.6 Throwing
 + Level 3.2 Dodging
 - Level 0.3 Stealth
 * Level 4.9 Unarmed Combat


You had 5 spell levels left.
You didn't know any spells.
Your spell library contained the following spells:

 Spells                   Type           Power        Failure   Level
 Animate Skeleton         Necr           #.....       43%         1
 Apportation              Tloc           #.....       43%         1
 Corona                   Hex            #......      43%         1
 Summon Small Mammal      Summ           #...         43%         1


Dungeon Overview and Level Annotations

Branches:
Dungeon (4/15)
 Temple: D:4-7

Altars:
Qazlal
Ru
Sif Muna
Trog
Xom

Annotations:
D:4 Demosthentine's ghost, novice FoFi


Innate Abilities, Weirdness & Mutations

You are too large for most types of armour.
You have claws for hands.
Your natural rate of healing is unusually fast.
You are covered in fur. (AC +1)
You have extremely tough skin. (AC +3)


Message History

Demosthentine's ghost barely misses you.
You scratch Demosthentine's ghost but do no damage.
Demosthentine's ghost is heavily damaged.
You claw Demosthentine's ghost! Your claw misses Demosthentine's ghost.
Demosthentine's ghost is severely damaged.
Demosthentine's ghost hits you!
You closely miss Demosthentine's ghost.
Demosthentine's ghost is severely damaged.
Demosthentine's ghost hits you!
You scratch Demosthentine's ghost.
Demosthentine's ghost is severely damaged.
Demosthentine's ghost hits you.
You scratch Demosthentine's ghost but do no damage.
Demosthentine's ghost is severely damaged.
Demosthentine's ghost hits you!!
* * * LOW HITPOINT WARNING * * *
You claw Demosthentine's ghost!
Demosthentine's ghost is almost destroyed.
Demosthentine's ghost hits you!
You die...

..#...#..#...=.. #..#....# #.....
#(#...#..##..... #..#.#..# #...##
..#...#...###$$##..##....# #.#.##
......##....####...#..##.# #.#.##
#.##...#..........##.###.# #.#..#
.......##.........#....#.###.##.#
#.#.##..##.......##.##.#.##......
#.#......###'''###.......######..
#.######......ZW@............#...
#..........#.#.#######.....#.#.#.
......####.#.#.##....#.....#.#.#.
.............#.##.##.#.....#.#.#.
.#.........#.#.##.##.#.....#.#.#.
.#.........#.#.#<....#.....#.#.#.
.#############.##.##.#.....#.#.#.
.............#.##.#..#.....#.#.#.
############.#....#.##.....#.#.#.


You could see Demosthentine's ghost and a worker ant simulacrum.

Vanquished Creatures
  3 orc wizards
  3 orc priests (D:3)
  Natasha (thrice) (D:3)
  A worker ant (D:4)
  3 gnolls (D:3)
  4 adders
  A howler monkey skeleton (D:4)
  A worker ant simulacrum (D:4)
  4 worms
  2 dart slugs
  4 leopard geckos (D:3)
  16 orcs
  2 ball pythons
  8 giant cockroaches
  3 goblins (D:1)
  11 hobgoblins
  3 jackals (D:2)
  A quokka (D:3)
  6 bats
  8 frilled lizards
  A giant cockroach simulacrum (D:4)
  8 kobolds
  A quokka skeleton (D:2)
  3 rats (D:2)
100 creatures vanquished.

Notes
Turn   | Place    | Note
-------+----------+-------------------------------------------
     0 | D:1      | streetpizza the Troll Hunter began the quest for the Orb.
     0 | D:1      | Reached XP level 1. HP: 19/19 MP: 0/0
   163 | D:1      | Reached skill level 1 in Unarmed Combat
   195 | D:1      | Reached XP level 2. HP: 28/28 MP: 1/1
   732 | D:2      | Reached XP level 3. HP: 35/35 MP: 2/2
   733 | D:2      | Found a sacrificial altar of Ru.
   751 | D:2      | Became a worshipper of Ru the Awakened
   843 | D:2      | Reached skill level 2 in Unarmed Combat
   994 | D:2      | Found a shimmering altar of Xom.
  1000 | D:2      | Found a bloodstained altar of Trog.
  1347 | D:2      | Found a shimmering blue altar of Sif Muna.
  1352 | D:2      | Found a stormy altar of Qazlal.
  1447 | D:3      | Noticed Natasha
  1515 | D:3      | Killed Natasha
  1516 | D:3      | Reached XP level 4. HP: 39/42 MP: 3/3
  1535 | D:3      | Noticed Natasha
  1539 | D:3      | Killed Natasha
  1540 | D:3      | Reached skill level 3 in Unarmed Combat
  1729 | D:3      | Found a shimmering altar of Xom.
  1729 | D:3      | Found a shimmering altar of Xom.
  1729 | D:3      | Found a shimmering altar of Xom.
  1736 | D:3      | Reached XP level 5. HP: 50/50 MP: 4/4
  1779 | D:3      | Reached skill level 4 in Unarmed Combat
  1808 | D:3      | Noticed Natasha
  1813 | D:3      | Reached XP level 6. HP: 35/59 MP: 5/5
  1822 | D:3      | Killed Natasha
  1833 | D:3      | Found a shimmering altar of Xom.
  1833 | D:3      | Found a shimmering altar of Xom.
  2459 | D:4      | Noticed Demosthentine's ghost (novice FoFi)
  2935 | D:4      | Found a runed translucent gate.
  2935 | D:4      | Found a runed translucent gate.
  2936 | D:4      | Found a runed translucent gate.
  3338 | D:4      | Mangled by Demosthentine's ghost

Illustrated notes

Levels and vault maps discovered:
D:1:      psy_arrival_wood_between_worlds, layout_loops_ring
D:2:      layout_loops_ring, minitemple, nicolae_ru_sacrificial_ziggurat
D:3:      layout_basic, chequers_serial_rivers_large_a, xom_redecorated,
          uniq_natasha
D:4:      layout_basic, gammafunk_ghost_icy

Skill      XL: |  1  2  3  4  5  6 |
---------------+-------------------+-----
Unarmed Combat | 1 2 3 4 |  4.9
Fighting       | 2 3 |  3.3
Dodging        | 2 3 |  3.2
Throwing       | |  3.6
Stealth        | |  0.3

Action                   |  1- 3 |  4- 6 || total
-------------------------+-------+-------++-------
Melee: Unarmed           |   136 |   175 ||   311
       Punch             |       |     3 ||     3
 Stab: Sleeping          |     3 |       ||     3
       Distracted        |       |     1 ||     1
Armor: Robe              |    53 |    43 ||    96
Dodge: Dodged            |    52 |    86 ||   138

Table legend: (Time is in decaauts)
 A = Elapsed time spent in this place.
 B = Non-inter-level travel time spent in this place.
 C = Inter-level travel time spent in this place.
 D = Time resting spent in this place.
 E = Time spent auto-exploring this place.
 F = Levels seen in this place.
 G = Mean time per level.
                   A        B        C        D        E       F      G
               +--------+--------+--------+--------+--------+-----+--------+
         Total |   3338 |   3239 |     99 |     53 |   2517 |   4 |  834.5 |
       Dungeon |   3338 |   3239 |     99 |     53 |   2517 |   4 |  834.5 |
               +--------+--------+--------+--------+--------+-----+--------+

Top non-repeatable levels by time:
     D:4: 953 daAuts
     D:3: 947 daAuts
     D:1: 719 daAuts
     D:2: 718 daAuts
